AoeStats
← Sir bacardi

Arena

509526365Analyzed
4v4 RM · 7d ago on Sep 27, 2026· 30m 43s· 8 players
Game mode
Random Map
Map size
Large (8 player)
Population
200
Speed
Normal
Resources
Standard
Victory
Conquest
Starting age
Dark Age
Ending age
Imperial Age
RankedLock teamsTeams togetherTeam positionsShared explorationLock speedFull tech treeHidden civsTurbo modeCheats
Victory
Defeat
🇨🇱 Gurjaras · Chile
1017
+16
🇺🇸 Teutons · United States
1015
+16
🇨🇳 Magyars · China
1011
+16
🇺🇸 Mongols · United States
999
+17
🇨🇱 Turks · Chile
1111
-19
🇦🇷 Britons · Argentina
1000
-48
🇨🇱 Khmer · Chile
989
-15
987
-15
root
4:38 Loom
10:49 Feudal Age
11:31 Loom
12:20 Double-Bit Axe
13:50 Fletching
22:10 Castle Age
22:34 Horse Collar
23:57 Bodkin Arrow
26:19 Heavy Plow
26:31 Bow Saw
27:59 Wheelbarrow
28:56 Gold Mining
30:24 Scale Mail Armor
30:35 Forging
30:42 Hand Cart
SwedenBirdieSkaggs236
4:35 Loom
12:36 Feudal Age
13:53 Double-Bit Axe
13:48 Horse Collar
14:51 Wheelbarrow
19:07 Castle Age
20:55 Bow Saw
20:46 Heavy Plow
24:19 Gold Mining
25:54 Hand Cart
26:59 Fletching
27:10 Padded Archer Armor
30:13 Imperial Age
27:42 Bodkin Arrow
29:42 Gold Shaft Mining
30:21 Ballistics
31:06 Leather Archer Armor
esalasr014
10:24 Feudal Age
11:46 Double-Bit Axe
16:13 Castle Age
14:32 Horse Collar
17:07 Stone Mining
18:02 Bow Saw
18:15 Heavy Plow
18:32 Loom
25:04 Wheelbarrow
24:58 Forging
26:20 Iron Casting
26:48 Fletching
33:28 Imperial Age
一念风云
0:28 Loom
11:08 Feudal Age
12:53 Wheelbarrow
21:21 Arson
22:13 Double-Bit Axe
21:57 Man-at-Arms
22:48 Town Watch
24:08 Horse Collar
28:05 Scale Mail Armor
28:02 Gold Mining
28:05 Stone Mining
31:03 Castle Age
29:06 Fletching
29:22 Padded Archer Armor
Sir bacardi
the._.voice
5:33 Loom
9:52 Feudal Age
10:31 Double-Bit Axe
14:05 Fletching
maxibustos1985
0:45 Loom
9:45 Feudal Age
11:07 Wheelbarrow
10:21 Town Watch
10:36 Double-Bit Axe
15:53 Horse Collar
16:38 Gold Mining
16:39 Stone Mining
24:52 Castle Age
瘦死的骆驼比马大
12:10 Feudal Age
15:54 Castle Age
13:47 Horse Collar
15:35 Double-Bit Axe
17:27 Bow Saw
17:20 Heavy Plow
24:18 Stone Mining
24:19 Gold Mining
Connection lost

Rejoining the realm…

Still unreachable

The connection could not be restored.

Session expired

The server has moved on; the page needs a fresh start.